 Dungeon Crawl Stone Soup version 0.30-a0-709-gcdc1b43e22 (webtiles) character file.

Game seed: 7311974760896690587

44790 Dartaoz the Unseen (level 13, -6/68 HPs)
             Began as a Spriggan Enchanter on Jan 22, 2023.
             Was the Champion of Dithmenos.
             Mangled by a catoblepas (14 damage)
             ... while petrified by a catoblepas
             ... on level 4 of the Lair of Beasts.
             The game lasted 01:06:54 (20852 turns).

Dartaoz the Unseen (Spriggan Enchanter)            Turns: 20852, Time: 01:06:54

Health: -6/68      AC:  6    Str:  4    XL:     13   Next: 98%
Magic:  8/19       EV:  4    Int: 23    God:    Dithmenos [******]
Gold:   2609       SH:  0    Dex: 20    Spells: 11/19 levels left

rFire   . . .      SeeInvis +    t - +6 dagger (venom)
rCold   . . .      Faith    .    (no shield)
rNeg    + + +      Spirit   .    J - +0 steam dragon scales
rPois   ∞          Reflect  .    (helmet restricted)
rElec   .          Harm     .    m - +0 cloak
rCorr   .          Rampage  .    (gloves unavailable)
Will    +++..                    (boots unavailable) Stlth **++++++++
                                 H - amulet of the acrobat
HPRegen 0.31/turn                L - ring of willpower
MPRegen 0.16/turn                M - +6 ring of intelligence

@: petrified, wreathed by umbra, very quick
A: very small, no large weapons, unfitting armour, see invisible, speed 3
a: Renounce Religion, Shadow Step, Shadow Form


You were on level 4 of the Lair of Beasts.
You worshipped Dithmenos.
Dithmenos was exalted by your worship.
You visited 2 branches of the dungeon, and saw 16 of its levels.
You also visited: Bailey and Volcano.

You collected 2765 gold pieces.
You spent 156 gold pieces at shops.

Inventory:

Hand Weapons
 a - a +1 dagger
 t - a +6 dagger of venom (weapon)
 O - a +2 dagger of distortion
Armour
 b - a +0 robe
 m - a +0 cloak (worn)
 J - +0 steam dragon scales (worn)
Jewellery
 r - an amulet of faith
 H - an amulet of the acrobat (around neck)
 L - a ring of willpower (left hand)
 M - a +6 ring of intelligence (right hand)
 P - a ring of ice
 S - a +6 ring of strength
 V - a +6 ring of strength
Wands
 n - a wand of light (25)
 s - a wand of flame (26)
 C - a wand of charming (21)
 R - a wand of iceblast (7)
Scrolls
 d - 5 scrolls of teleportation
 e - 2 scrolls of fog
 f - 3 scrolls of poison
 g - 2 scrolls of noise
 h - 5 scrolls of blinking
 i - 4 scrolls of magic mapping
 p - a scroll of enchant armour
 q - a scroll of summoning
 u - 3 scrolls of vulnerability
 y - 2 scrolls of amnesia
 D - 3 scrolls of silence
 E - 4 scrolls of fear
 K - 2 scrolls of immolation
 N - a scroll of enchant weapon
Potions
 c - a potion of invisibility
 j - 2 potions of cancellation
 k - 4 potions of brilliance
 l - 3 potions of magic
 o - 9 potions of curing
 v - a potion of ambrosia
 w - 3 potions of degeneration
 x - a potion of might
 z - 7 potions of flight
 A - 3 potions of lignification
 B - a potion of mutation
 F - 5 potions of haste
 G - a potion of resistance
 I - 2 potions of berserk rage
 Q - a potion of heal wounds
 U - a potion of attraction {unknown}
Miscellaneous
 T - a lightning rod (4/4)


   Skills:
 + Level 8.1 Fighting
 + Level 12.7 Short Blades
 + Level 12.9 Dodging
 + Level 16.7 Stealth
 + Level 3.8 Spellcasting
 + Level 14.3 Hexes
 - Level 5.0 Ice Magic


You had 11 spell levels left.
You knew the following spells:

 Your Spells              Type           Power      Damage    Failure   Level
a - Ensorcelled Hibernat  Hex/Ice        96%        N/A       1%          2
b - Confusing Touch       Hex            63%        N/A       1%          3
c - Tukima's Dance        Hex            63%        N/A       1%          3

Your spell library contained the following spells:

 Spells                   Type           Power      Damage    Failure   Level
 Dazzling Flash           Conj/Hex       74%        N/A       1%          3
 Ozocubu's Armour         Ice            27%        N/A       4%          3
 Fulminant Prism          Conj/Hex       18%        3d10      5%          4
 Foxfire                  Conj/Fire      16%        2x1d4     11%         1
 Sandblast                Erth           8%         2d5       11%         1
 Cigotuvi's Dreadful Rot  Necr/Pois/Air  8%         N/A       16%         2
 Passwall                 Tmut/Erth      3%         N/A       16%         2
 Poisonous Vapours        Pois/Air       8%         N/A       16%         2
 Kindle Blastsparks       Fire/Tloc/Air  8%         2d10      32%         3
 Mephitic Cloud           Conj/Pois/Air  4%         N/A       32%         3
 Stone Arrow              Conj/Erth      8%         3d7       32%         3
 Vhi's Electric Charge    Tloc/Air       8%         N/A       32%         3
 Iskenderun's Mystic Bla  Conj/Tloc      4%         2d3       71%         4
 Freezing Cloud           Conj/Ice/Air   6%         6-21      83%         5
 Arcjolt                  Conj/Air       2%         1d12      96%         5
 Fireball                 Conj/Fire      2%         3d4       96%         5
 Lee's Rapid Deconstruct  Erth           2%         3d4*      96%         5
 Simulacrum               Ice/Necr       7%         N/A       99%         6
 Starburst                Conj/Fire      2%         6d3       100%        6
 Ozocubu's Refrigeration  Ice            13%        4d10      100%        7
 Maxwell's Capacitive Co  Air            2%         ∞         100%        8
 Polar Vortex             Ice            13%        N/A       100%        9


Dungeon Overview and Level Annotations

Branches:
Dungeon (12/15)            Temple (0/1) D:5            Lair (4/5) D:10
  Swamp (0/4) Lair:3        Snake (0/4) Lair:3          Orc (0/2) D:9
 Bailey (visited)         Volcano (visited)
  Slime: Lair:4-5

Altars:
Ashenzari
Dithmenos
Hepliaklqana
Kikubaaqudgha
Nemelex Xobeh
Okawaru
Qazlal
Ru
Sif Muna
Uskayaw
Vehumet
Xom
Yredelemnul
Zin
Jiyva

Shops:
D:1 ?   D:3 *   D:5 ::

Annotations:
D:11 3 runed translucent doors, Vymp's ghost, novice OpTm


Innate Abilities, Weirdness & Mutations

You are very small and have problems with some larger weapons.
You are too small for most types of armour.
You have supernaturally acute eyesight. (SInv)
You cover ground extremely quickly. (Speed+++)


Message History

Found 17 gold pieces.
No target in view!
A queen bee is nearby!
Found a potion of flight.
The queen bee buzzes angrily.
The queen bee looks drowsy...
You hear a bellow!
The helpless queen bee fails to defend itself.
You spit the queen bee like a pig!!!!!
You kill the queen bee!
Dithmenos accepts your kill.
A yak comes into view.
Found a glowing shortbow.
The yak looks drowsy...
Your shadow mimicks your spell!
The yak is unaffected.
A catoblepas comes into view.
The helpless yak fails to defend itself.
You skewer the yak like a kebab!!!!!
You kill the yak!
Dithmenos accepts your kill.
The catoblepas bellows!
The catoblepas breathes a plume of calcifying dust at you.
The blast of calcifying dust hits you!
The catoblepas resists with almost no effort.
You are engulfed in calcifying dust.
You are slowing down.
The catoblepas gores you!!
Your limbs are stiffening.
The catoblepas resists with almost no effort.
Your shadow mimicks your spell!
The catoblepas resists with almost no effort.
The catoblepas gores you!!
* * * LOW HITPOINT WARNING * * *
You emit a cloud of dark smoke.
You have turned to stone.
The catoblepas barely misses you. The catoblepas gores you!!
* * * LOW HITPOINT WARNING * * *
You emit a cloud of dark smoke.
The catoblepas gores you!!
You die...

..###......#*.....#**,,,,,,,**
#.$#$.##..##*).P..# *,,,***,,*
####..##>#####....# *,,** ****
##.#..#.$.§...## *,,,*
#####(............#***,,*
..........#...§...#*,*,,*
.......<.......§§##**,,**
.....###.##....§§§# *,,*
.##..*#.>####.#§@## **,**
,,##.,#...* #!##Y#*
*,,******** ,,*..,...##
#.##§§#***,,**,,**,*
,,,.,###.#
*#.#....#*,,,,,,,,,,* ,,**,*
### *..#...##*,***,,,**,**
,,**** *...#..# *** ******,,*
,** *#.....# *,,,* ,,* *####.#
*,,** ,** *,,* **,,,


You could see a catoblepas.

Vanquished Creatures
  Fannar (Lair:1)
  2 hydras
  A centaur warrior (D:12)
  A two-headed ogre (D:12)
  A death yak (Lair:2)
  Urug (Lair:3)
  Amaemon (D:8)
  Sonja (D:12)
  Lodul (D:12)
  A deep elf archer (Volcano)
  A necromancer (Lair:2)
  7 deep elf pyromancers (Volcano)
  An orc knight (Bailey)
  An ugly thing (D:12)
  A manticore (Lair:4)
  2 cyclopes
  5 black mambas
  Maurice (D:8)
  9 cane toads
  An orange demon (D:8)
  A gargoyle (D:9)
  3 torpor snails
  A kobold demonologist (D:9)
  6 komodo dragons
  A rime drake (Lair:1)
  2 meliai (Lair:4)
  8 trolls
  2 polar bears
  A queen bee (Lair:4)
  14 blink frogs
  4 dream sheep (Lair:2)
  8 slime creatures (D:12)
  Sigmund (D:4)
  A shadow (D:5)
  3 wyverns
  5 fire elementals (Volcano)
  3 basilisks
  2 wraiths
  32 yaks
  Grum (D:8)
  2 steam dragons
  4 vampire mosquitoes (D:12)
  2 nagas (Lair:3)
  8 water moccasins
  An acid dragon (D:10)
  3 hell hounds (Volcano)
  Duvessa (D:5)
  9 orc warriors
  4 black bears
  A swamp drake (D:10)
  An ice beast (D:5)
  10 ogres
  8 wolves
  7 centaurs
  A phantom (D:6)
  11 bullfrogs
  3 necrophages (D:7)
  3 gnoll sergeants
  4 scorpions
  7 wights (D:8)
  Dowan (D:5)
  27 killer bees
  5 howler monkeys
  4 electric eels (Lair:3)
  4 crimson imps (D:8)
  5 hounds
  2 jellies (D:7)
  11 orc priests
  4 iguanas
  Terence (D:3)
  Natasha (thrice) (D:2)
  A gnoll bouda (D:6)
  10 orc wizards
  5 yak simulacra (Lair:2)
  3 polar bear simulacra (Lair:2)
  A wolf simulacrum (Lair:2)
  16 gnolls
  6 adders
  3 shadow imps
  A white imp (D:6)
  3 ufetubi
  2 worms (D:2)
  3 dart slugs
  44 orcs
  6 ball pythons
  5 endoplasms
  4 giant cockroaches
  10 hobgoblins
  5 quokkas
  3 bats
  6 frilled lizards
  10 goblins
  16 kobolds
  2 rats
  2 river rat simulacra (Lair:2)
463 creatures vanquished.

Vanquished Creatures (others)
  A human (D:5)
  A bush (Lair:4)
  15 fungi
  36 plants
53 creatures vanquished.

Grand Total: 516 creatures vanquished

Notes
Turn   | Place    | Note
-------+----------+-------------------------------------------
     0 | D:1      | Dartaoz the Spriggan Enchanter began the quest for the Orb.
     0 | D:1      | Reached XP level 1. HP: 9/9 MP: 5/5
   256 | D:1      | Reached XP level 2. HP: 13/13 MP: 6/6
   585 | D:1      | Found Ekhlecuatt's Magic Scroll Shop.
   594 | D:1      | Bought a scroll of identify for 20 gold pieces
   634 | D:1      | Found a faded altar of an unknown god.
  1280 | D:1      | Reached XP level 3. HP: 10/16 MP: 8/8
  1283 | D:1      | Learned a level 2 spell: Ensorcelled Hibernation
  1287 | D:1      | Learned a level 3 spell: Confusing Touch
  1371 | D:2      | Found a stormy altar of Qazlal.
  1373 | D:2      | Noticed Natasha
  1380 | D:2      | Killed Natasha
  1387 | D:2      | Noticed Natasha
  1398 | D:2      | Killed Natasha
  1399 | D:2      | Reached skill level 1 in Ice Magic
  1399 | D:2      | Reached XP level 4. HP: 10/21 MP: 0/9
  1416 | D:2      | Noticed Natasha
  1421 | D:2      | HP: 1/21 [Natasha (5)]
  1548 | D:2      | Killed Natasha
  1549 | D:2      | Reached skill level 5 in Hexes
  2234 | D:3      | Reached XP level 5. HP: 24/24 MP: 7/10
  2403 | D:3      | Noticed Terence
  2410 | D:3      | Killed Terence
  2988 | D:3      | Found Zaruseoll's Assorted Antiques.
  3051 | D:3      | Bought a scroll of identify for 46 gold pieces
  3136 | D:3      | Found a shadowy altar of Dithmenos.
  3155 | D:3      | Became a worshipper of Dithmenos the Shadowed
  3549 | D:4      | Found a basalt altar of Yredelemnul.
  3558 | D:4      | Reached XP level 6. HP: 13/28 MP: 2/11
  3716 | D:4      | Found a sacrificial altar of Ru.
  4057 | D:4      | Noticed Sigmund
  4081 | D:4      | Killed Sigmund
  4082 | D:4      | Reached skill level 5 in Short Blades
  4082 | D:4      | Reached XP level 7. HP: 32/32 MP: 4/12
  4477 | D:4      | Found a shimmering blue altar of Sif Muna.
  4831 | D:5      | Entered Level 5 of the Dungeon
  4861 | D:5      | Found Gugumi's Book Shoppe.
  4913 | D:5      | Reached * piety under Dithmenos
  5035 | D:5      | Reached skill level 5 in Stealth
  5117 | D:5      | Noticed a shadow
  5120 | D:5      | Found a staircase to the Ecumenical Temple.
  5126 | D:5      | Killed a shadow
  5146 | D:5      | Noticed Dowan
  5148 | D:5      | Noticed Duvessa
  5153 | D:5      | Killed Dowan
  5165 | D:5      | Killed Duvessa
  5166 | D:5      | Reached skill level 6 in Stealth
  5166 | D:5      | Reached XP level 8. HP: 33/36 MP: 8/13
  5286 | D:5      | Found Caged's Book Shop.
  5367 | D:5      | Found an ancient bone altar of Kikubaaqudgha.
  5888 | D:6      | Reached skill level 7 in Stealth
  6782 | D:6      | Found a broken altar of Ashenzari.
  7579 | D:1      | Bought a scroll of identify for 20 gold pieces
  7579 | D:1      | Bought a scroll of identify for 20 gold pieces
  7579 | D:1      | Bought a scroll of identify for 20 gold pieces
  7579 | D:1      | Bought a scroll of teleportation for 30 gold pieces
  7736 | D:7      | Reached ** piety under Dithmenos
  7737 | D:7      | Reached skill level 8 in Stealth
  7766 | D:7      | Reached XP level 9. HP: 39/39 MP: 14/14
  8007 | D:7      | Reached skill level 5 in Ice Magic
  8558 | D:7      | Reached skill level 1 in Fighting
  8629 | D:7      | Reached skill level 9 in Stealth
  9489 | D:8      | Reached *** piety under Dithmenos
  9594 | D:8      | Found a radiant altar of Vehumet.
  9599 | D:8      | Learned a level 3 spell: Tukima's Dance
  9651 | D:8      | Reached skill level 5 in Dodging
  9684 | D:8      | Noticed Maurice
  9685 | D:8      | Noticed Amaemon
  9689 | D:8      | Killed Maurice
  9690 | D:8      | Reached skill level 10 in Stealth
  9704 | D:8      | Reached XP level 10. HP: 32/47 MP: 1/15
  9826 | D:8      | Noticed an orange demon
  9830 | D:8      | Killed Amaemon
  9834 | D:8      | Killed an orange demon
  9835 | D:8      | Reached skill level 10 in Hexes
  9953 | D:8      | Noticed Grum
  9961 | D:8      | Killed Grum
 10091 | D:8      | Found a shimmering altar of Xom.
 10328 | D:8      | Found an iron altar of Okawaru.
 10473 | D:8      | Found a glowing silver altar of Zin.
 10474 | D:8      | Noticed an angel
 10812 | D:9      | Found a flagged portal.
 10819 | Bailey   | Entered a bailey
 10891 | Bailey   | Reached skill level 11 in Stealth
 11034 | Bailey   | Noticed an orc knight
 11040 | Bailey   | Killed an orc knight
 11053 | Bailey   | Reached **** piety under Dithmenos
 11363 | D:9      | Noticed a gargoyle
 11370 | D:9      | Killed a gargoyle
 11429 | D:9      | Found a staircase to the Orcish Mines.
 11526 | D:9      | Reached XP level 11. HP: 53/53 MP: 16/16
 11994 | D:9      | Found a sparkling altar of Nemelex Xobeh.
 11998 | D:9      | Found a hazy altar of Hepliaklqana.
 12003 | D:9      | Found a hide-covered altar of Uskayaw.
 12309 | D:10     | Entered Level 10 of the Dungeon
 12553 | D:10     | Reached skill level 12 in Stealth
 12996 | D:10     | Reached ***** piety under Dithmenos
 13058 | D:10     | Found a staircase to the Lair.
 13397 | D:11     | Found a runed translucent gate.
 13397 | D:11     | Found a runed translucent gate.
 13399 | D:11     | Found a runed translucent gate.
 13401 | D:11     | Noticed Vymp's ghost (novice OpTm)
 14011 | D:11     | Reached skill level 5 in Fighting
 14208 | D:11     | Found a viscous altar of Jiyva.
 14261 | D:12     | Reached skill level 10 in Short Blades
 14512 | D:12     | Reached skill level 13 in Stealth
 14634 | D:12     | Noticed a white ugly thing
 14641 | D:12     | Killed a white ugly thing
 14659 | D:12     | Noticed a two-headed ogre
 14660 | D:12     | Noticed Lodul
 14803 | D:12     | Killed Lodul
 14898 | D:12     | Reached XP level 12. HP: 60/60 MP: 12/17
 14949 | D:12     | Killed a two-headed ogre
 14992 | D:12     | Noticed Sonja
 14996 | D:12     | Killed Sonja
 15005 | D:12     | Noticed a centaur warrior
 15022 | D:12     | Reached skill level 10 in Dodging
 15029 | D:12     | Killed a centaur warrior
 15234 | D:12     | Reached skill level 14 in Stealth
 15456 | Lair:1   | Entered Level 1 of the Lair of Beasts
 15524 | Lair:1   | Noticed Fannar
 15531 | Lair:1   | Killed Fannar
 15587 | Lair:1   | Identified the +1 sling of the Blessed Realm {drain, rC+}
 16384 | Lair:2   | Noticed a death yak
 16393 | Lair:2   | Killed a death yak
 16669 | Lair:2   | Noticed an eight-headed hydra
 16676 | Lair:2   | Killed an eight-headed hydra
 16698 | Lair:2   | Reached skill level 15 in Stealth
 16904 | Lair:2   | Found a dark tunnel.
 16914 | Volcano  | Entered a volcano
 17205 | Volcano  | Reached XP level 13. HP: 36/67 MP: 7/18
 18290 | Lair:3   | Reached ****** piety under Dithmenos
 18388 | Lair:3   | Found a staircase to the Snake Pit.
 18654 | Lair:3   | Noticed Urug
 18682 | Lair:3   | Killed Urug
 18911 | Lair:3   | Reached skill level 16 in Stealth
 19020 | Lair:3   | Found a staircase to the Swamp.
 20852 | Lair:4   | Mangled by a catoblepas

Illustrated notes

Levels and vault maps discovered:
D:1:      dpeg_arrival_radiant, layout_basic, serial_shops,
          nicolae_lakefront_shop, chequers_ecumenical_altar_simple,
          chequers_serial_rivers_room_a, wad_floor_pattern_untrapped,
          amcnicky_mini_pool_small, kennysheep_minor_cross
D:2:      layout_loops_cross, basic_altar, uniq_natasha
D:3:      layout_loops_ring, lemuel_doored_altar, serial_shops,
          nicolae_shop_crystal, uniq_terence
D:4:      layout_cave_pods, lemuel_crystal_altar, grunt_temple_overflow_open,
          uniq_sigmund
D:5:      layout_gridville, tgw_kikubaaqudgha, minmay_temple_entry_ruins,
          serial_shops, shop, kennysheep_mini_moat, kennysheep_generic_room_4,
          uniq_duvessa
D:6:      layout_layer_cave, ashenzari_altar_1, hangedman_decor_points,
          chequers_arboretum
D:7:      layout_loops_ring
D:8:      layout_loops_ring, led_xom_imps, mainiacjoe_overflow_brackets,
          zin_angel, hellmonk_okawaru_the_only_friend_you_need, uniq_maurice,
          uniq_grum, uniq_amaemon
D:9:      layout_basic, grunt_temple_overflow_diamond, enter_bailey_2
D:10:     layout_long_grid, erik_lair_dragon, grunt_decor_mini_mirrors
D:11:     layout_loops_cross, gammafunk_ghost_ooze
D:12:     layout_irregular_city, uniq_sonja, uniq_lodul
Lair:1:   layout_small_grid, uniq_fannar
Lair:2:   layout_cave_pods, lightli_volcano_entry_magma_tube,
          small_statue_intersection, eino_house_with_fridge
Lair:3:   layout_cellular_growth, minmay_swamp_entry_eels,
          guppyfry_snake_entry_garden, lemuel_fruit_tree, grunt_megastairs_4,
          uniq_urug
Lair:4:   regret_index_bee_streams, layout_loops_ring

Skill      XL: |  1  2  3  4  5  6  7  8  9 10 11 12 13 |
---------------+----------------------------------------+-----
Hexes          | 4 5 6 7 8 9 10 12 13 14 | 14.3
Short Blades   | 2 3 4 5 7 8 9 10 11 12 | 12.7
Ice Magic      | 1 2 3 4 5 |  5.0
Stealth        | 6 8 10 11 13 15 16 | 16.7
Dodging        | 5 7 9 11 12 | 12.9
Fighting       | 2 4 5 7 8 |  8.1
Spellcasting   | 3 |  3.8

Action                     |  1- 3 |  4- 6 |  7- 9 | 10-12 | 13-15 || total
---------------------------+-------+-------+-------+-------+-------++-------
  Melee: Dagger            |   112 |    92 |   203 |   309 |   234 ||   950
         Punch             |     2 |     1 |     4 |     4 |     3 ||    14
   Cast: Ensorcelled Hiber |     7 |    62 |    98 |   141 |   126 ||   434
         Confusing Touch   |       |     2 |    17 |    11 |     8 ||    38
    Use: Scroll            |     1 |     2 |     6 |     9 |    10 ||    28
         Potion            |       |     3 |       |       |     1 ||     4
   Stab: Sleeping          |    10 |    40 |    75 |   149 |    99 ||   373
         Confused          |       |     1 |    13 |     6 |     6 ||    26
         Invisible         |       |     1 |       |       |       ||     1
         Distracted        |       |       |       |     1 |       ||     1
 Armour: Robe              |     9 |    10 |     5 |       |       ||    24
         Steam dragon scal |       |       |     4 |    13 |    15 ||    32
  Dodge: Dodged            |    76 |    42 |   114 |   246 |   231 ||   709

Table legend: (Time is in decaauts)
 A = Elapsed time spent in this place.
 B = Non-inter-level travel time spent in this place.
 C = Inter-level travel time spent in this place.
 D = Time resting spent in this place.
 E = Time spent auto-exploring this place.
 F = Levels seen in this place.
 G = Mean time per level.
                   A        B        C        D        E       F      G
               +--------+--------+--------+--------+--------+-----+--------+
         Total |  15599 |  15008 |    591 |   1177 |  11078 |  18 |  866.6 |
       Dungeon |  11075 |  10569 |    506 |    447 |   8291 |  12 |  922.9 |
          Lair |   3543 |   3458 |     85 |    455 |   2319 |   4 |  885.8 |
        Bailey |    395 |    395 |      0 |      0 |    289 |   1 |  395.0 |
       Volcano |    585 |    585 |      0 |    274 |    177 |   1 |  585.0 |
               +--------+--------+--------+--------+--------+-----+--------+

Top non-repeatable levels by time:
     D:8: 1413 daAuts
     D:6: 1190 daAuts
  Lair:3: 1150 daAuts
     D:4: 1129 daAuts
  Lair:2: 1029 daAuts
     D:7: 950 daAuts
     D:3: 923 daAuts
     D:2: 896 daAuts
  Lair:4: 856 daAuts
    D:12: 833 daAuts
    D:10: 826 daAuts
     D:1: 798 daAuts
     D:9: 755 daAuts
     D:5: 732 daAuts
    D:11: 625 daAuts
